 Dungeon Crawl Stone Soup version 0.18.1-8-gdd0e5ea (webtiles) character file.

43 Lathuz the Digger (level 3, -5/19 HPs)
             Began as a Gargoyle Earth Elementalist on May 26, 2016.
             Slain by Sigmund
             ... wielding a +4 antimagic scythe
              (10 damage)
             ... on level 2 of the Dungeon.
             The game lasted 00:05:59 (2158 turns).

Lathuz the Digger (Gargoyle Earth Elementalist)     Turns: 2158, Time: 00:06:00

Health: -5/19      AC:  5    Str: 11    XL:     3   Next: 58%
Magic:  1/6        EV: 12    Int: 16    God:
Gold:   47         SH:  0    Dex: 10    Spells: 1 memorised, 5 levels left

rFire  . . .     SeeInvis .     j - +0 dagger
rCold  . . .     Gourm    .     a - +0 robe
rNeg   + . .     Faith    .     (no shield)
rPois  ∞         Spirit   .     (no helmet)
rElec  +         Dismiss  .     (no cloak)
rCorr  .         Reflect  .     (no gloves)
SustAt .         Harm     .     (no boots)
MR     .....                    (no amulet)
Stlth  ++........               (no ring)
                                (no ring)

@: not resistant to hostile enchantments, unstealthy
A: negative energy resistance 1, electricity resistance, unbreathing,
petrification resistance, rot immunity, AC +3
a: no special abilities


You were on level 2 of the Dungeon.
You were near starving.

You visited 1 branch of the dungeon, and saw 2 of its levels.

You collected 47 gold pieces.

Inventory:

Hand Weapons
 j - a +0 dagger (weapon)
Missiles
 b - 69 stones (quivered)
Armour
 a - a +0 robe (worn)
Scrolls
 e - a scroll of teleportation {unknown}
 f - a scroll of identify {unknown}
 k - a scroll of enchant armour {unknown}
 l - a scroll of magic mapping {unknown}
Potions
 g - a potion of degeneration {unknown}
 h - a potion of curing {unknown}
Books
 c - a book of Geomancy

   Spells                             Type                      Level
   a - Sandblast                      Earth                        1
   b - Passwall                       Transmutation/Earth          2
   c - Stone Arrow                    Conjuration/Earth            3
   d - Petrify                        Transmutation/Earth          4
   e - Lee's Rapid Deconstruction     Earth                        5
Comestibles
 d - a bread ration
 i - 2 beef jerkies


   Skills:
 - Level 1.5 Dodging
 - Level 2.1 Stealth
 - Level 2.0 Spellcasting
   Level 0.7 Transmutations
 + Level 5.4 Earth Magic


You had 5 spell levels left.
You knew the following spells:

 Your Spells              Type           Power        Failure   Level  Hunger
a - Sandblast             Erth           ###...       2%          1    #......


Dungeon Overview and Level Annotations

Branches:
Dungeon (2/15)

Altars:

Annotations:
D:2 Sigmund


Innate Abilities, Weirdness & Mutations

You are resistant to torment.
Your stone body is resilient (AC +3).
You are immune to poison.
You resist negative energy.
You are resistant to electric shocks.
You can survive without breathing.
You are immune to petrification.
You are immune to rotting.


Message History

You're too confused to move!
Sigmund hits you from afar with an antimagic scythe.
You're too confused to move!
Sigmund hits you from afar with an antimagic scythe!
Ouch! That really hurt!
* * * LOW HITPOINT WARNING * * *
You feel your power leaking away. Sigmund gestures at you while chanting.
You resist with significant effort.
Sigmund points at you and mumbles some strange words.
You resist with significant effort.
You feel less confused. Sigmund completely misses you.
Casting: Sandblast
Confirm with . or Enter, or press ? or * to list all spells.
You don't have enough magic to cast that spell.
Unknown command.
Sigmund hits you with an antimagic scythe!
Ouch! That really hurt!
You die...

#..# #.........# #........
##.<####.........# #.##.####
#..)..)..........# #.# #
##..####.......#.# #.#
#..#.........>#.# #.#
#..#.##.##.#..#.# #.#
####..#.##.##.#..#.# #.#
......#.##.##@#..#.###.#
###........<@...#.##.#
###.##.##....###...#
#.#.####.....#####..#.####
#.........########.#..#####.
....####.## #.........÷.....
#...####.####.##.#..#.###.##
#..........##.##.#..#.#
#..###..............#..
#......#.#.##.##.##.####


You could see Sigmund.

Vanquished Creatures
  An adder (D:2)
  2 oozes
  A dart slug (D:1)
  4 bats
  2 goblins
  A hobgoblin (D:1)
  A jackal (D:1)
  4 kobolds
  A ball python (D:1)
  3 giant newts (D:1)
  5 rats
25 creatures vanquished.

Notes
Turn   | Place    | Note
--------------------------------------------------------------
     0 | D:1      | Lathuz the Gargoyle Earth Elementalist began the quest for the Orb.
     0 | D:1      | Reached XP level 1. HP: 10/10 MP: 3/3
   116 | D:1      | Reached skill level 4 in Earth Magic
   562 | D:1      | Reached XP level 2. HP: 15/15 MP: 1/5
  1544 | D:2      | Reached skill level 5 in Earth Magic
  1544 | D:2      | Reached XP level 3. HP: 19/19 MP: 4/6
  1762 | D:2      | Noticed Sigmund
  2158 | D:2      | Slain by Sigmund

Skill      XL: |  1  2 |
---------------+-------+-----
Earth Magic    | 4 5 |  5.4
Dodging        | |  1.5
Stealth        | |  2.1
Spellcasting   | |  2.0
Transmutations | |  0.7

Action                   || total
-------------------------++-------
Melee: Unarmed           ||    19
       Dagger            ||    16
 Cast: Sandblast         ||    47
  Eat: Chunk             ||     3
Armor: Robe              ||    13
Dodge: Dodged            ||    40
